NWL (28 & UNDER)
MOOSE JAW GHOSTBUSTERS @ BISMARK BORDER GUARDS
09/06/2024
 
TOP OF THE 1ST
Moose Jaw Ghostbusters batting - Pitching for Bismark Border Guards : RHP Edward Hastings
Pitching: RHP Edward Hastings
Batting: RHB John Major 0-0: Called Strike
0-1: Foul Ball, location: 2F
0-2: SINGLE (Groundball, 56D)
Batting: LHB Will Vale 0-0: Called Strike
John Major steals 2nd base
0-1: Called Strike
0-2: Ball
1-2: Strikes out swinging
Batting: RHB Paco Hernández 0-0: Ball
1-0: Called Strike
1-1: Fly out, F9 (Flyball, 89D)
Runner from 2nd tags up, SAFE at 3rd, no throw
Batting: LHB Enrique Valentín 0-0: Ground out 1-3 (Groundball, 15S)
Top of the 1st over - 0 run(s), 1 hit(s), 0 error(s), 1 left on base; Moose Jaw 0 - Bismark 0
BOTTOM OF THE 1ST
Bismark Border Guards batting - Pitching for Moose Jaw Ghostbusters : LHP Martin White
Pitching: LHP Martin White
Batting: LHB Rusty Herbert 0-0: Ball
1-0: Ball
2-0: Ball
3-0: Called Strike
3-1: Ground out 4-3 (Groundball, 4)
Batting: LHB Jim Jensen 0-0: Ball
1-0: Called Strike
1-1: Fly out, F4 (Line Drive, 4)
Batting: RHB José Gómez 0-0: Ball
1-0: Ground out 5-3 (Groundball, 5S)
Bottom of the 1st over - 0 run(s), 0 hit(s), 0 error(s), 0 left on base; Moose Jaw 0 - Bismark 0
TOP OF THE 2ND
Moose Jaw Ghostbusters batting - Pitching for Bismark Border Guards : RHP Edward Hastings
Batting: RHB David Hernández 0-0: Ball
1-0: Swinging Strike
1-1: Ball
2-1: Ground out 6-3 (Groundball, 6M)
Batting: RHB Greg King 0-0: Called Strike
0-1: Called Strike
0-2: Strikes out looking
Batting: RHB Alberto Sandoval 0-0: Ball
1-0: Ball
2-0: Called Strike
2-1: Ball
3-1: Base on Balls
Batting: RHB Luis Miguel Sánchez 0-0: Called Strike
0-1: DOUBLE (Line Drive, 78XD)
Alberto Sandoval to third
Batting: RHB Ángel García 0-0: Ball
1-0: SINGLE (Groundball, 6MD)
Alberto Sandoval scores
Luis Miguel Sánchez to third
Runner from 3rd tries for Home, SAFE, no throw or cutoff
Batting: RHB John Major 0-0: Called Strike
0-1: Called Strike
0-2: Ball
1-2: SINGLE (Groundball, 4MD)
Ángel García to second
Runner from 2nd tries for 3rd, SAFE, throw made to third
Batting: LHB Will Vale 0-0: Ball
1-0: Called Strike
1-1: Called Strike
1-2: Strikes out swinging
Top of the 2nd over - 2 run(s), 3 hit(s), 0 error(s), 2 left on base; Moose Jaw 2 - Bismark 0
BOTTOM OF THE 2ND
Bismark Border Guards batting - Pitching for Moose Jaw Ghostbusters : LHP Martin White
Batting: SHB Glenn Vadnais 0-0: Ball
1-0: SINGLE (Line Drive, 9S)
Batting: RHB Mike Wright 0-0: Foul Ball, location: 2F
0-1: Ball
1-1: Called Strike
1-2: Foul Ball, location: 2F
1-2: Ball
2-2: Ball
3-2: Strikes out looking
Batting: LHB Tony Rivera 0-0: Ball
1-0: Ball
2-0: Grounds into double play, 6-4-3 (Groundball, 6)
Bottom of the 2nd over - 0 run(s), 1 hit(s), 0 error(s), 0 left on base; Moose Jaw 2 - Bismark 0
TOP OF THE 3RD
Moose Jaw Ghostbusters batting - Pitching for Bismark Border Guards : RHP Edward Hastings
Batting: RHB Paco Hernández 0-0: Ball
1-0: Ball
2-0: Ball
3-0: Called Strike
3-1: Foul Ball, location: 2F
3-2: Foul Ball, location: 2F
3-2: Base on Balls
Pitching: RHP Beau Murphy
Batting: LHB Enrique Valentín 0-0: Called Strike
0-1: Grounds into double play, 4-6-3 (Groundball, 4M)
Batting: RHB David Hernández 0-0: Foul Ball, location: 2F
0-1: Ball
1-1: Fly out, F8 (Flyball, 8RD)
Top of the 3rd over - 0 run(s), 0 hit(s), 0 error(s), 0 left on base; Moose Jaw 2 - Bismark 0
BOTTOM OF THE 3RD
Bismark Border Guards batting - Pitching for Moose Jaw Ghostbusters : LHP Martin White
Batting: RHB Alejandro Ramos 0-0: Ball
1-0: SINGLE (Groundball, 34D)
Batting: RHB Chris Parker 0-0: Fly out, F8 (Flyball, 8RM)
Batting: LHB Juan Viera 0-0: Called Strike
0-1: Fly out, F7 (Flyball, 7M)
Batting: LHB Rusty Herbert 0-0: Called Strike
0-1: Swinging Strike
0-2: Fly out, F7 (Flyball, 78M)
Bottom of the 3rd over - 0 run(s), 1 hit(s), 0 error(s), 1 left on base; Moose Jaw 2 - Bismark 0
TOP OF THE 4TH
Moose Jaw Ghostbusters batting - Pitching for Bismark Border Guards : RHP Beau Murphy
Batting: RHB Greg King 0-0: Ball
1-0: Ground out 6-3 (Groundball, 6)
Batting: RHB Alberto Sandoval 0-0: Called Strike
0-1: Foul Ball, location: 2F
0-2: Ground out 4-3 (Groundball, 4M)
Batting: RHB Luis Miguel Sánchez 0-0: Swinging Strike
0-1: Ball
1-1: Foul Ball, location: 2F
1-2: Strikes out swinging
Top of the 4th over - 0 run(s), 0 hit(s), 0 error(s), 0 left on base; Moose Jaw 2 - Bismark 0
BOTTOM OF THE 4TH
Bismark Border Guards batting - Pitching for Moose Jaw Ghostbusters : LHP Martin White
Batting: LHB Jim Jensen 0-0: Called Strike
0-1: Called Strike
0-2: Ball
1-2: Ball
2-2: SINGLE (Line Drive, 4M)
Batting: RHB José Gómez 0-0: Ball
1-0: Called Strike
1-1: Grounds into double play, 1-4-3 (Groundball, 13)
Batting: SHB Glenn Vadnais 0-0: Foul Ball, location: 2F
0-1: Swinging Strike
0-2: Strikes out swinging
Bottom of the 4th over - 0 run(s), 1 hit(s), 0 error(s), 0 left on base; Moose Jaw 2 - Bismark 0
TOP OF THE 5TH
Moose Jaw Ghostbusters batting - Pitching for Bismark Border Guards : RHP Beau Murphy
Batting: RHB Ángel García 0-0: Foul Ball, location: 2F
0-1: Swinging Strike
0-2: Ball
1-2: Strikes out looking
Batting: RHB John Major 0-0: Called Strike
0-1: Ball
1-1: Foul Ball, location: 2F
1-2: Foul Ball, location: 2F
1-2: Ball
2-2: Ground out U3 (Groundball, 3S)
Batting: LHB Will Vale 0-0: Called Strike
0-1: SINGLE (Flyball, 78S)
Batting: RHB Paco Hernández 0-0: Ball
1-0: Ball
2-0: Called Strike
2-1: Fly out, F9 (Flyball, 9D)
Top of the 5th over - 0 run(s), 1 hit(s), 0 error(s), 1 left on base; Moose Jaw 2 - Bismark 0
BOTTOM OF THE 5TH
Bismark Border Guards batting - Pitching for Moose Jaw Ghostbusters : LHP Martin White
Batting: RHB Mike Wright 0-0: Ball
1-0: Called Strike
1-1: Ball
2-1: Ball
3-1: Foul Ball, location: 2F
3-2: SINGLE (Line Drive, 8LS)
Batting: LHB Tony Rivera 0-0: Ball
1-0: Called Strike
1-1: Foul Ball, location: 2F
1-2: Ball
2-2: SINGLE (Line Drive, 9S)
Mike Wright to second
Batting: RHB Alejandro Ramos 0-0: Ball
1-0: Called Strike
1-1: Ball
2-1: Ground out 2-3 (Groundball, 25)
Mike Wright to third
Tony Rivera to second
Batting: RHB Chris Parker 0-0: Ball
1-0: Ball
2-0: Ball
3-0: Base on Balls
Batting: LHB Juan Viera 0-0: Ball
1-0: Grounds into double play, 4-6-3 (Groundball, 4)
Bottom of the 5th over - 0 run(s), 2 hit(s), 0 error(s), 2 left on base; Moose Jaw 2 - Bismark 0
TOP OF THE 6TH
Moose Jaw Ghostbusters batting - Pitching for Bismark Border Guards : RHP Beau Murphy
Pitching: RHP Steve Benson
Batting: LHB Enrique Valentín 0-0: Fly out, F3 (Popup, 23F)
Batting: RHB David Hernández 0-0: Ball
1-0: Called Strike
1-1: Ball
2-1: SINGLE (Groundball, 25) (infield hit)
Batting: RHB Greg King 0-0: Swinging Strike
0-1: Swinging Strike
0-2: Ball
1-2: Strikes out swinging
Batting: RHB Alberto Sandoval 0-0: Called Strike
0-1: Swinging Strike
0-2: Ball
1-2: Ball
2-2: Ball
3-2: Strikes out swinging
Top of the 6th over - 0 run(s), 1 hit(s), 0 error(s), 1 left on base; Moose Jaw 2 - Bismark 0
BOTTOM OF THE 6TH
Bismark Border Guards batting - Pitching for Moose Jaw Ghostbusters : LHP Martin White
Batting: LHB Rusty Herbert 0-0: Ball
1-0: Ball
2-0: Fly out, F5 (Line Drive, 56S)
Batting: LHB Jim Jensen 0-0: Called Strike
0-1: Swinging Strike
0-2: Strikes out swinging
Batting: RHB José Gómez 0-0: Called Strike
0-1: Ball
1-1: SINGLE (Line Drive, 7S)
Batting: SHB Glenn Vadnais 0-0: Ball
1-0: Swinging Strike
1-1: Foul Ball, location: 2F
1-2: Fly out, F2 (Popup, 2LF)
Bottom of the 6th over - 0 run(s), 1 hit(s), 0 error(s), 1 left on base; Moose Jaw 2 - Bismark 0
TOP OF THE 7TH
Moose Jaw Ghostbusters batting - Pitching for Bismark Border Guards : RHP Steve Benson
Batting: RHB Luis Miguel Sánchez 0-0: Ball
1-0: Ball
2-0: Called Strike
2-1: Called Strike
2-2: Ball
3-2: Foul Ball, location: 2F
3-2: Base on Balls
Batting: RHB Ángel García 0-0: Ball
1-0: Sac Bunt - play at first, batter OUT! 1-4
Luis Miguel Sánchez to second
Batting: RHB John Major 0-0: Ground out 6-3 (Groundball, 6M)
Luis Miguel Sánchez to third
Batting: LHB Will Vale 0-0: Fly out, F4 (Popup, 4D)
Top of the 7th over - 0 run(s), 0 hit(s), 0 error(s), 1 left on base; Moose Jaw 2 - Bismark 0
BOTTOM OF THE 7TH
Bismark Border Guards batting - Pitching for Moose Jaw Ghostbusters : LHP Martin White
Batting: RHB Mike Wright 0-0: Called Strike
0-1: Ball
1-1: Ground out 6-3 (Groundball, 6)
Batting: LHB Tony Rivera 0-0: Ball
1-0: Foul Ball, location: 2F
1-1: Called Strike
1-2: Ball
2-2: Ball
3-2: Strikes out swinging
Batting: RHB Alejandro Ramos 0-0: Ball
1-0: Ball
2-0: Swinging Strike
2-1: Ground out 5-3 (Groundball, 56)
Bottom of the 7th over - 0 run(s), 0 hit(s), 0 error(s), 0 left on base; Moose Jaw 2 - Bismark 0
TOP OF THE 8TH
Moose Jaw Ghostbusters batting - Pitching for Bismark Border Guards : RHP Steve Benson
Pitching: RHP Arthur Green
Batting: RHB Paco Hernández 0-0: Called Strike
0-1: Ground out 4-3 (Groundball, 13)
Batting: LHB Enrique Valentín 0-0: Ball
1-0: Ball
2-0: Called Strike
2-1: Swinging Strike
2-2: Foul Ball, location: 2F
2-2: Ball
3-2: Base on Balls
Batting: RHB David Hernández 0-0: Foul Ball, location: 2F
0-1: Ball
1-1: Ball
2-1: Foul Ball, location: 2F
2-2: Strikes out swinging
Batting: RHB Greg King 0-0: Ball
1-0: Fly out, F9 (Flyball, 9M)
Top of the 8th over - 0 run(s), 0 hit(s), 0 error(s), 1 left on base; Moose Jaw 2 - Bismark 0
BOTTOM OF THE 8TH
Bismark Border Guards batting - Pitching for Moose Jaw Ghostbusters : LHP Martin White
Pitching: RHP José Estrada
Batting: RHB Chris Parker 0-0: Ball
1-0: Ground out 6-3 (Groundball, 6)
Batting: LHB Juan Viera 0-0: Ball
1-0: Foul Ball, location: 2F
1-1: SINGLE (Groundball, 3D)
Pitching: RHP José Ortíz
Batting: LHB Rusty Herbert 0-0: Ball
1-0: Ball
2-0: Foul Ball, location: 2F
2-1: Ball
3-1: Base on Balls
Juan Viera to second
Batting: LHB Jim Jensen 0-0: Ball
1-0: DOUBLE (Flyball, 89XD)
Juan Viera scores
Rusty Herbert to third
Batting: RHB José Gómez 0-0: Foul Ball, location: 2F
0-1: Ball
1-1: Ball
2-1: Called Strike
2-2: Strikes out looking
Batting: SHB Glenn Vadnais 0-0: Ball
1-0: Ball
2-0: Ball
3-0: Base on Balls
Batting: RHB Mike Wright 0-0: Called Strike
0-1: Ball
1-1: Ball
2-1: Ball
3-1: Foul Ball, location: 2F
3-2: Base on Balls
Rusty Herbert scores
Jim Jensen to third
Glenn Vadnais to second
Batting: LHB Tony Rivera 0-0: Ball
1-0: Called Strike
1-1: Ball
2-1: Foul Ball, location: 2F
2-2: Fly out, F4 (Popup, 4)
Bottom of the 8th over - 2 run(s), 2 hit(s), 0 error(s), 3 left on base; Moose Jaw 2 - Bismark 2
TOP OF THE 9TH
Moose Jaw Ghostbusters batting - Pitching for Bismark Border Guards : RHP Arthur Green
Pitching: RHP Nathan Walters
Batting: RHB Alberto Sandoval 0-0: Ball
1-0: Foul Ball, location: 2F
1-1: Called Strike
1-2: Ball
2-2: Foul Ball, location: 2F
2-2: Fly out, F6 (Line Drive, 6)
Batting: RHB Luis Miguel Sánchez 0-0: Fly out, F8 (Flyball, 8LS)
Batting: RHB Ángel García 0-0: Ground out 5-3 (Groundball, 5)
Top of the 9th over - 0 run(s), 0 hit(s), 0 error(s), 0 left on base; Moose Jaw 2 - Bismark 2
BOTTOM OF THE 9TH
Bismark Border Guards batting - Pitching for Moose Jaw Ghostbusters : RHP José Ortíz
Pitching: RHP Ken Rogers
Pinch Hitting: RHB José Cintrón 0-0: Fly out, F3 (Line Drive, 3)
Pinch Hitting: LHB Nelson Peña 0-0: Ball
1-0: Ball
2-0: Called Strike
2-1: Called Strike
2-2: Strikes out looking
Batting: LHB Juan Viera 0-0: Ball
1-0: Called Strike
1-1: Swinging Strike
1-2: Foul Ball, location: 2F
1-2: Ball
2-2: Strikes out swinging
Bottom of the 9th over - 0 run(s), 0 hit(s), 0 error(s), 0 left on base; Moose Jaw 2 - Bismark 2
TOP OF THE 10TH
Moose Jaw Ghostbusters batting - Pitching for Bismark Border Guards : RHP Nathan Walters
Now at 1B: José Cintrón
Now at SS: Aaron Holt
Batting: RHB John Major 0-0: Called Strike
0-1: Foul Ball, location: 2F
0-2: Fly out, F8 (Flyball, 8RM)
Batting: LHB Will Vale 0-0: Called Strike
0-1: Swinging Strike
0-2: Strikes out swinging
Batting: RHB Paco Hernández 0-0: Ground out 5-3 (Groundball, 56)
Top of the 10th over - 0 run(s), 0 hit(s), 0 error(s), 0 left on base; Moose Jaw 2 - Bismark 2
BOTTOM OF THE 10TH
Bismark Border Guards batting - Pitching for Moose Jaw Ghostbusters : RHP Ken Rogers
Batting: LHB Rusty Herbert 0-0: Foul Ball, location: 2F
0-1: Ball
1-1: Ball
2-1: Ball
3-1: Base on Balls
Batting: LHB Jim Jensen 0-0: Ball
1-0: Bunted foul
1-1: Sac Bunt - play at first, batter OUT! 2-4
Rusty Herbert to second
Batting: RHB José Gómez 0-0: Called Strike
0-1: Foul Ball, location: 2F
0-2: SINGLE (Line Drive, 89S)
Rusty Herbert to third
Batting: SHB Glenn Vadnais 0-0: Fly out, F1 (Popup, 13S)
Batting: RHB Mike Wright 0-0: Ball
1-0: Foul Ball, location: 2F
1-1: Ground out 1-3 (Groundball, 13S)
Bottom of the 10th over - 0 run(s), 1 hit(s), 0 error(s), 2 left on base; Moose Jaw 2 - Bismark 2
TOP OF THE 11TH
Moose Jaw Ghostbusters batting - Pitching for Bismark Border Guards : RHP Nathan Walters
Batting: LHB Enrique Valentín 0-0: Ground out 4-3 (Groundball, 4)
Pinch Hitting: RHB Ánibal Pérez 0-0: Ball
1-0: Called Strike
1-1: Ball
2-1: Ball
3-1: Foul Ball, location: 2F
3-2: Strikes out looking
Batting: RHB Greg King 0-0: Ball
1-0: Ball
2-0: Ball
3-0: Base on Balls
Batting: RHB Alberto Sandoval 0-0: Called Strike
0-1: Ball
1-1: Ball
2-1: Ball
3-1: Called Strike
3-2: Strikes out swinging
Top of the 11th over - 0 run(s), 0 hit(s), 0 error(s), 1 left on base; Moose Jaw 2 - Bismark 2
BOTTOM OF THE 11TH
Bismark Border Guards batting - Pitching for Moose Jaw Ghostbusters : RHP Ken Rogers
Now at 2B: Carlos López
Batting: LHB Tony Rivera 0-0: Foul Ball, location: 2F
0-1: Foul Ball, location: 2F
0-2: Ball
1-2: Ball
2-2: Ball
3-2: Base on Balls
Batting: RHB José Cintrón 0-0: Bunted foul
0-1: Bunted foul
0-2: Foul Ball, location: 2F
0-2: SINGLE (Line Drive, 8LS)
Tony Rivera to second
Batting: RHB Aaron Holt 0-0: Sac Bunt - play at third, runner OUT! 1-6
José Cintrón to second
Batting: LHB Juan Viera 0-0: Called Strike
0-1: Swinging Strike
0-2: Strikes out looking
Pitching: RHP Juan Rodríguez
Batting: LHB Rusty Herbert 0-0: Ball
1-0: Ground out 4-3 (Groundball, 4)
Bottom of the 11th over - 0 run(s), 1 hit(s), 0 error(s), 2 left on base; Moose Jaw 2 - Bismark 2
TOP OF THE 12TH
Moose Jaw Ghostbusters batting - Pitching for Bismark Border Guards : RHP Nathan Walters
Batting: RHB Luis Miguel Sánchez 0-0: Ground out 5-3 (Groundball, 56)
Batting: RHB Ángel García 0-0: Ground out 4-3 (Groundball, 4)
Batting: RHB John Major 0-0: SINGLE (Groundball, 34S)
Batting: LHB Will Vale 0-0: Ball
1-0: DOUBLE (Line Drive, 8LM)
John Major to third
Batting: RHB Paco Hernández 0-0: Ball
1-0: Ball
Wild Pitch!
John Major scores
Will Vale to third
2-0: Ball
3-0: Base on Balls
Pitching: RHP Royce Saunders
Batting: LHB Enrique Valentín 0-0: Ball
1-0: Fly out, F8 (Flyball, 8LM)
Top of the 12th over - 1 run(s), 2 hit(s), 0 error(s), 2 left on base; Moose Jaw 3 - Bismark 2
BOTTOM OF THE 12TH
Bismark Border Guards batting - Pitching for Moose Jaw Ghostbusters : RHP Juan Rodríguez
Batting: LHB Jim Jensen 0-0: Ball
1-0: Foul Ball, location: 2F
1-1: Foul Ball, location: 2F
1-2: Foul Ball, location: 2F
1-2: Ball
2-2: Foul Ball, location: 2F
2-2: Ball
3-2: Foul Ball, location: 2F
3-2: Base on Balls
Batting: RHB José Gómez 0-0: Ball
1-0: Foul Ball, location: 2F
1-1: Swinging Strike
1-2: Ball
2-2: Strikes out looking
Batting: SHB Glenn Vadnais 0-0: Ball
1-0: Foul Ball, location: 2F
1-1: Ball
2-1: Ball
3-1: Foul Ball, location: 2F
3-2: Strikes out swinging
Batting: RHB Mike Wright 0-0: Ball
1-0: Ball
2-0: Swinging Strike
2-1: Ball
3-1: Called Strike
3-2: Strikes out swinging
Bottom of the 12th over - 0 run(s), 0 hit(s), 0 error(s), 1 left on base; Moose Jaw 3 - Bismark 2
This league is powered by Out of the Park Baseball, the baseball management simulation game for PC, Mac and Linux
Saturday, April 9th, 2016 - OOTP Baseball 16.8 Build 38